 Dungeon Crawl Stone Soup version 0.27-a0-1273-gec92ba881d (webtiles) character file.

Game seed: 11414633848080463431

4838 flotson the Skirmisher (level 10, -1/76 (77) HPs)
             Began as a Demonspawn Fighter on June 10, 2021.
             Was an Initiate of Gozag.
             Slain by a two-headed ogre
             ... wielding a +0 giant club
              (19 damage)
             ... on level 9 of the Dungeon on June 11, 2021.
             The game lasted 00:18:26 (10223 turns).

flotson the Skirmisher (Demonspawn Fighter)        Turns: 10223, Time: 00:18:27

HP:   -1/76 (77)    AC: 11    Str: 19    XL:     10   Next: 25%
MP:   10/10         EV: 15    Int: 10    God:    Gozag
Gold: 288           SH: 10    Dex: 13    Spells: 5/9 levels left

rFire    . . .     SeeInvis .   a - +7 whip of Zalergh {elec, rPois rC++}
rCold    + + .     Faith    .   c - +0 kite shield
rNeg     . . .     Spirit   .   E - +1 ring mail of the Lizard {Will+}
rPois    +         Reflect  .   h - +0 helmet
rElec    .         Harm     .   y - scarf {+Inv}
rCorr    .         Rampage  .   (no gloves)
Will     +....                  (no boots)
Stlth    +.........             (no amulet)
HPRegen  0.22/turn              e - +4 ring of evasion
MPRegen  0.12/turn              H - +4 ring of slaying

@: lightly drained
A: claws 1, molten scales 2, powered by pain 1, demonic magic 1
a: Renounce Religion, Evoke Invisibility, Potion Petition, Call Merchant, Bribe
Branch


You were on level 9 of the Dungeon.
You worshipped Gozag.
Gozag was aware of your devotion.
You visited 2 branches of the dungeon, and saw 10 of its levels.
You also visited: Sewer.

You collected 1388 gold pieces.
You spent 1058 gold pieces at shops.
You paid 42 gold pieces to Gozag.

Inventory:

Hand Weapons
 a - the +7 whip of Zalergh (weapon) {elec, rPois rC++}
   (You found it on level 4 of the Dungeon)

   Occasionally, upon striking a foe, it can discharge electrical energy and
   cause terrible harm.
   It greatly protects you from cold.
   It protects you from poison.
 b - a +0 hand crossbow
 n - a +0 war axe
Missiles
 g - 9 curare-tipped darts (quivered)
 s - 7 silver javelins
 u - 20 bolts
 G - 4 datura-tipped darts
 K - 2 boomerangs
Armour
 c - a +0 kite shield (worn)
 h - a +0 helmet (worn)
 y - a scarf of invisibility (worn)
 E - the +1 ring mail of the Lizard (worn) {Will+}
   (You found it on level 7 of the Dungeon)

   It increases your willpower.
Jewellery
 e - a +4 ring of evasion (left claw)
 o - a +6 ring of dexterity
 r - a ring of wizardry
 D - a ring of positive energy
 H - a +4 ring of slaying (right claw)
 J - a ring of ice
Wands
 p - a wand of iceblast (2)
 C - a wand of flame (35)
 I - a wand of polymorph (4)
Scrolls
 f - 4 scrolls of fear {unknown}
 j - 2 scrolls of enchant armour {unknown}
 q - 3 scrolls of identify {unknown}
 v - 4 scrolls of teleportation
 x - a scroll of fog {unknown}
 A - a scroll of acquirement {unknown}
 B - a scroll of magic mapping {unknown}
 L - a scroll of silence {unknown}
 N - a scroll of blinking {unknown}
 P - 3 scrolls of enchant weapon {unknown}
 Q - a scroll of vulnerability {unknown}
Potions
 d - 2 potions of might
 i - 7 potions of curing {unknown}
 k - 3 potions of haste {unknown}
 l - a potion of attraction {unknown}
 m - a potion of cancellation {unknown}
 t - a potion of flight {unknown}
 w - a potion of magic {unknown}
 z - a potion of heal wounds {unknown}
 F - a potion of brilliance {unknown}
 M - a potion of invisibility {unknown}
Miscellaneous
 O - a condenser vane


   Skills:
 + Level 6.5 Fighting
 + Level 5.5 Axes
 + Level 4.6 Crossbows
 - Level 1.0 Throwing
 + Level 5.9 Armour
 + Level 5.0 Dodging
 + Level 5.9 Shields
 + Level 3.3 Translocations
 + Level 3.6 Evocations


You had 5 spell levels left.
You knew the following spells:

 Your Spells              Type           Power      Damage    Failure   Level
a - Apportation           Tloc           12%        N/A       45%         1
b - Lesser Beckoning      Tloc           3%         N/A       83%         3

Your spell library contained the following spells:

 Spells                   Type           Power      Damage    Failure   Level
 Animate Skeleton         Necr           0%         N/A       90%         1
 Beastly Appendage        Tmut           0%         N/A       90%         1
 Pain                     Necr           0%         1d4       90%         1
 Wereblood                Tmut           0%         N/A       97%         2
 Spider Form              Tmut/Pois      0%         N/A       99%         3
 Tukima's Dance           Hex            0%         N/A       99%         3
 Vampiric Draining        Necr           0%         2d6       99%         3
 Animate Dead             Necr           0%         N/A       100%        4
 Ice Form                 Ice/Tmut       0%         N/A       100%        4
 Agony                    Necr           0%         N/A       100%        5
 Alistair's Intoxication  Tmut/Pois      0%         N/A       100%        5
 Invisibility             Hex            0%         N/A       100%        6


Dungeon Overview and Level Annotations

Branches:
Dungeon (9/15)             Temple (1/1) D:4            Lair (0/6) D:8
  Sewer (visited)
    Orc: D:9-12

Altars:
Ashenzari
Cheibriados
Dithmenos
Fedhas
Gozag
Hepliaklqana
Makhleb
Nemelex Xobeh
Okawaru
Qazlal
Ru
Sif Muna
Trog
Vehumet
Wu Jian
Yredelemnul
Zin
The Shining One

Shops:
D:4 *==


Innate Abilities, Weirdness & Mutations

You have sharp fingernails.
You are mostly covered in molten scales. (AC +3)
You sometimes gain a little power by taking damage.
Spells you cast may paralyse adjacent enemies.


Message History

The +7 whip of Zalergh {elec, rPois rC++} stops crackling.
b - a +0 hand crossbow (weapon)
You shoot a bolt. The bolt hits the two-headed ogre!
The two-headed ogre is moderately wounded.
You shoot a bolt. The bolt hits the two-headed ogre.
The two-headed ogre is moderately wounded.
You shoot a bolt. The bolt hits the two-headed ogre.
The two-headed ogre is moderately wounded.
You shoot a bolt. The bolt hits the two-headed ogre!
The two-headed ogre is heavily wounded.
The two-headed ogre hits you with a +0 giant club!
The two-headed ogre closely misses you.
You hear the crackle of electricity.
a - the +7 whip of Zalergh (weapon)
{elec, rPois rC++} You hit the two-headed ogre.
The two-headed ogre is heavily wounded.
The two-headed ogre completely misses you.
The two-headed ogre hits you with a +0 giant club!
You completely miss the two-headed ogre.
The two-headed ogre is heavily wounded.
The two-headed ogre hits you with a +0 giant club!!
The two-headed ogre hits you but does no damage.
You are too injured to fight recklessly!
You are too injured to fight recklessly!
You are too injured to fight recklessly!
You are too injured to fight recklessly!
You are too injured to fight recklessly!
You are too injured to fight recklessly!
You hit the two-headed ogre.
Lightning courses through the two-headed ogre!!
The two-headed ogre is almost dead.
You block the two-headed ogre's attack.
The two-headed ogre hits you with a +0 giant club!
* * * LOW HITPOINT WARNING * * *
You hit the two-headed ogre.
The two-headed ogre is almost dead.
You block the two-headed ogre's attack.
The two-headed ogre hits you with a +0 giant club!!
You die...
Your body crumbles into a pile of gold.

#...# ###.#.#...#.....#
#...#### #.#.#.#.#.....#
###......# #.#.#.#.#.....# #
#......#.###.#.#.#.#........
#...>..........#........####
#............#.....#.#(.#...
#..................#.##.#...
#...............((.# ...
#..........@O((.##+# ...
###.#...........#
###...........#
.............#
.......######.# ######## .#
#


You could see a two-headed ogre.

Vanquished Creatures
  An unseen horror (D:7)
  Psyche (D:8)
  A troll (D:7)
  A hornet (D:6)
  A steam dragon (D:7)
  2 black bears
  3 orc warriors
  An ice beast (D:7)
  An ogre (D:4)
  4 centaurs
  4 phantoms
  6 kobold brigands
  4 bullfrogs (D:7)
  2 scorpions
  A water moccasin skeleton (D:4)
  8 killer bees
  10 wights
  A bullfrog zombie (D:6)
  2 hounds (D:6)
  A bullfrog skeleton (D:5)
  5 orc priests
  2 centaur skeletons (D:7)
  A gnoll shaman (D:7)
  3 iron imps (D:7)
  2 iguanas
  An orc wizard (D:8)
  A hound skeleton (D:4)
  4 howler monkey zombies
  11 adders
  8 gnolls
  A howler monkey skeleton (D:6)
  3 river rats
  A shadow imp (D:8)
  3 white imps
  3 ufetubi
  5 worms
  A dart slug (D:1)
  22 orcs
  3 bats
  8 endoplasms
  5 giant cockroaches
  2 goblins
  3 hobgoblins
  6 jackals
  A quokka (D:3)
  6 ball pythons
  A frilled lizard (D:1)
  16 kobolds
  8 rats
191 creatures vanquished.

Notes
Turn   | Place    | Note
-------+----------+-------------------------------------------
     0 | D:1      | flotson the Demonspawn Fighter began the quest for the Orb.
     0 | D:1      | Reached XP level 1. HP: 18/18 MP: 1/1
   337 | D:1      | Gained mutation: You have sharp fingernails. [demonic
                  | ancestry]
   337 | D:1      | Reached XP level 2. HP: 23/24 MP: 2/2
   774 | D:1      | You fall into a shaft and drop 1 floor!
  1807 | D:2      | Reached XP level 3. HP: 29/29 MP: 3/3
  2081 | D:3      | Reached skill level 1 in Dodging
  2794 | D:4      | Found Fyba's Jewellery Shoppe.
  2938 | D:4      | Found a staircase to the Ecumenical Temple.
  2942 | D:4      | Gained mutation: You sometimes gain a little power by
                  | taking damage. [demonic ancestry]
  2942 | D:4      | Reached XP level 4. HP: 29/35 MP: 4/4
  2949 | Temple   | Entered the Ecumenical Temple
  3106 | Temple   | Became a worshipper of Gozag Ym Sagoz the Greedy
  3130 | D:4      | Noticed a scorpion
  3139 | D:4      | Killed a scorpion
  3374 | D:4      | Noticed an ogre
  3381 | D:4      | Killed an ogre
  3382 | D:4      | Gained mutation: Spells you cast may paralyse adjacent
                  | enemies. [demonic ancestry]
  3382 | D:4      | Reached XP level 5. HP: 42/42 MP: 5/5
  3502 | D:4      | Found Ofeoffui's Jewellery Emporium.
  3690 | D:4      | Found Duumuqoh's General Store.
  3698 | D:4      | Bought a scroll of teleportation for 33 gold pieces
  3698 | D:4      | Bought a scroll of noise for 11 gold pieces
  3720 | D:4      | Reached skill level 4 in Fighting
  3735 | D:4      | Identified the +7 whip of Zalergh {elec, rPois rC++}
  3800 | D:4      | Reached skill level 1 in Crossbows
  3800 | D:4      | Gained mutation: You are partially covered in molten
                  | scales. (AC +2) [demonic ancestry]
  3800 | D:4      | Reached XP level 6. HP: 48/48 MP: 6/6
  3992 | D:5      | Entered Level 5 of the Dungeon
  3994 | D:5      | Found a glowing drain.
  4021 | Sewer    | Entered a sewer
  4066 | Sewer    | Upgraded the game from 0.27-a0-1256-gced786f65e to
                  | 0.27-a0-1273-gec92ba881d
  4372 | Sewer    | Reached XP level 7. HP: 54/54 MP: 7/7
  5459 | D:5      | Gained mutation: You are mostly covered in molten scales.
                  | (AC +3) [demonic ancestry]
  5459 | D:5      | Reached XP level 8. HP: 60/61 MP: 8/8
  5565 | D:5      | Reached skill level 5 in Fighting
  6086 | D:6      | Learned a level 1 spell: Apportation
  6090 | D:6      | Learned a level 3 spell: Lesser Beckoning
  6498 | D:6      | Noticed a hornet
  6505 | D:6      | Killed a hornet
  6506 | D:6      | Reached skill level 1 in Evocations
  6597 | D:6      | Reached skill level 1 in Translocations
  6838 | D:7      | Noticed a troll
  6848 | D:7      | Killed an unseen horror
  6849 | D:7      | Reached skill level 5 in Armour
  6849 | D:7      | Reached skill level 5 in Shields
  6855 | D:7      | Reached XP level 9. HP: 37/68 MP: 9/9
  7384 | D:7      | Killed a troll
  7587 | D:7      | Found an ornate altar of the Wu Jian Council.
  7761 | D:7      | Reached skill level 6 in Fighting
  7789 | D:6      | Reached skill level 5 in Axes
  8292 | D:7      | Identified the +1 ring mail of the Lizard {Will+}
  8442 | D:7      | Found a burning altar of Makhleb.
  8879 | D:8      | Noticed Psyche
  8891 | D:8      | Killed Psyche
  8892 | D:8      | Reached skill level 1 in Throwing
  8892 | D:8      | Reached XP level 10. HP: 71/77 MP: 10/10
  9042 | D:8      | Found a staircase to the Lair.
  9222 | D:4      | Bought a +4 ring of slaying for 1014 gold pieces
  9359 | D:8      | Reached skill level 5 in Dodging
  9977 | D:8      | Found a bloodstained altar of Trog.
  9980 | D:8      | Found a basalt altar of Yredelemnul.
  9981 | D:8      | Found a broken altar of Ashenzari.
  9982 | D:8      | Found a sparkling altar of Nemelex Xobeh.
  9983 | D:8      | Found a stormy altar of Qazlal.
 10213 | D:9      | Noticed a two-headed ogre
 10223 | D:9      | Slain by a two-headed ogre

Illustrated notes

Levels and vault maps discovered:
D:1:      minmay_arrival_up_and_down, layout_basic
D:2:      layout_basic, hex_large
D:3:      layout_basic
D:4:      layout_loops_ring, minmay_temple_entry_metal_lava, serial_shops,
          nicolae_shop_crystal, nicolae_shop_crystal, shop_statue,
          chequers_serial_rivers_small_a, st_stairs_6
D:5:      layout_gridville, portal_sewer_entry_c
D:6:      layout_loops_cross, kennysheep_donut,
          hangedman_abyss_or_decor_lesser_grid
D:7:      hangedman_cross_stitches, layout_basic, demons_altar,
          nzn_wu_jian_contemplation, interstate_on_off,
          amcnicky_mini_pool_medium
D:8:      layout_loops_ring, grunt_temple_overflow_open, lair_entry_dummy,
          uniq_psyche
D:9:      kennysheep_blocky_hall, layout_basic
Temple:   nicolae_temple_figure_zero

Skill      XL: |  1  2  3  4  5  6  7  8  9 10 |
---------------+-------------------------------+-----
Axes           | 2 3 4 5 |  5.5
Armour         | 3 4 5 |  5.9
Dodging        | 1 2 3 4 5 |  5.0
Shields        | 3 4 5 |  5.9
Fighting       | 4 5 6 |  6.5
Crossbows      | 1 2 3 4 |  4.6
Evocations     | 1 3 |  3.6
Translocations | 1 3 |  3.3
Throwing       | 1 |  1.0

Action                   |  1- 3 |  4- 6 |  7- 9 | 10-12 || total
-------------------------+-------+-------+-------+-------++-------
Melee: War axe           |   138 |    19 |       |       ||   157
       Whip              |       |    57 |   330 |    44 ||   431
       Unarmed           |       |       |     6 |     7 ||    13
 Fire: Hunting sling     |    22 |     6 |       |       ||    28
       Hand crossbow     |       |    13 |    47 |    16 ||    76
Evoke: Wand              |       |       |       |     1 ||     1
 Stab: Distracted        |       |       |     1 |       ||     1
Armor: Scale mail        |    61 |    19 |   110 |       ||   190
       Ring mail         |       |       |     9 |    12 ||    21
       Skin              |       |       |     1 |     1 ||     2
Dodge: Dodged            |    78 |    35 |   190 |    34 ||   337
Block: Kite shield       |    85 |    35 |   198 |    30 ||   348

Table legend: (Time is in decaauts)
 A = Elapsed time spent in this place.
 B = Non-inter-level travel time spent in this place.
 C = Inter-level travel time spent in this place.
 D = Time resting spent in this place.
 E = Time spent auto-exploring this place.
 F = Levels seen in this place.
 G = Mean time per level.
                   A        B        C        D        E       F      G
               +--------+--------+--------+--------+--------+-----+--------+
         Total |  10604 |   9935 |    669 |    380 |   7862 |  11 |  964.0 |
       Dungeon |   9315 |   8656 |    659 |    380 |   6863 |   9 | 1035.0 |
        Temple |    167 |    157 |     10 |      0 |    153 |   1 |  167.0 |
         Sewer |   1120 |   1120 |      0 |      0 |    846 |   1 | 1120.0 |
               +--------+--------+--------+--------+--------+-----+--------+

Top non-repeatable levels by time:
     D:7: 1536 daAuts
     D:6: 1416 daAuts
     D:5: 1153 daAuts
     D:1: 1140 daAuts
   Sewer: 1120 daAuts
     D:8: 1082 daAuts
     D:4: 973 daAuts
     D:2: 928 daAuts
     D:3: 926 daAuts
  Temple: 167 daAuts
     D:9: 158 daAuts
